 Dungeon Crawl Stone Soup version 0.16-a0-2921-g3a24241 (webtiles) character file.

14 Pikaro the Conjurer (level 2, -4/15 HPs)
             Began as a Deep Elf Conjurer on Dec 2, 2014.
             Slain by a hobgoblin
             ... wielding a +0 club
              (5 damage)
             ... on level 1 of the Dungeon.
             The game lasted 00:01:48 (245 turns).

Pikaro the Conjurer (Deep Elf Conjurer)              Turns: 245, Time: 00:01:48

Health: -4/15      AC:  2    Str:  5    XL:     2   Next: 31%
Magic:  0/8        EV: 13    Int: 19    God:
Gold:   0          SH:  0    Dex: 15    Spells: 1 memorised, 6 levels left

rFire  . . .     SeeInvis .     (no weapon)
rCold  . . .     Clarity  .     a - +0 robe
rNeg   . . .     SustAb   .     (no shield)
rPois  .         Gourm    .     (no helmet)
rElec  .         Spirit   .     (no cloak)
rCorr  .         Warding  .     (no gloves)
rMut   .         Stasis   .     (no boots)
MR     .....                    (no amulet)
Stlth  ++........               (no ring)
                                (no ring)

@: not resistant to hostile enchantments, unstealthy
A: no striking features
a: no special abilities


You were on level 1 of the Dungeon.
You were not hungry.

You visited 1 branch of the dungeon, and saw 1 of its levels.

Inventory:

Armour
 a - a +0 robe (worn)
Books
 c - a book of Conjurations
Comestibles
 b - a bread ration {@e1}


   Skills:
 - Level 2.4 Dodging
 - Level 2.4 Stealth
 - Level 3.0 Spellcasting
 + Level 5.1 Conjurations


You had 6 spell levels left.
You knew the following spells:

 Your Spells              Type           Power        Failure   Level  Hunger
a - Magic Dart            Conj           ###.         1%          1    None


Dungeon Overview and Level Annotations

Branches:
Dungeon (1/15)

Altars:


Message History

Warning x2: The jackal is fast! x2
The jackal bites you.
You take 3 damage, and have 11/15 hp.
The jackal barely misses you. The jackal barely misses you.
The jackal closely misses you.
The jackal bites you but does no damage.
The magic dart hits the jackal.
* * * LOW MAGIC WARNING * * *
The jackal bites you. x2
You take 3 damage, and have 8/15 hp.
You now have 0/8 mp.
Warning x2: The jackal is fast! x2
The jackal barely misses you. The jackal misses you. The jackal misses you.
The jackal misses you.
The magic dart hits the jackal.
* * * LOW MAGIC WARNING * * *
You now have 0/8 mp.
Warning x2: The jackal is fast! x2
The jackal barely misses you. The jackal completely misses you.
The jackal closely misses you.
The jackal bites you but does no damage.
The jackal bites you.
You take 3 damage, and have 6/15 hp.
The magic dart hits the jackal.
* * * LOW MAGIC WARNING * * *
The jackal bites you.
* * * LOW HITPOINT WARNING * * *
The jackal barely misses you.
You take 2 damage, and have 4/15 hp.
You now have 0/8 mp.
Warning x2: The jackal is fast! x2
The jackal misses you.
The jackal bites you but does no damage.
The jackal barely misses you. The jackal misses you.
The jackal closely misses you. The jackal bites you.
* * * LOW HITPOINT WARNING * * *
You take 1 damage, and have 3/15 hp.
Warning x2: The jackal is fast! x2
The jackal barely misses you. The jackal misses you.
The magic dart hits the jackal.
You kill the jackal!
* * * LOW MAGIC WARNING * * *
The jackal bites you but does no damage.
You now have 0/8 mp.
Spoiler Alert: The jackal is fast!
The jackal completely misses you. The jackal barely misses you.
A bat comes into view.
The jackal closely misses you.
The magic dart hits the jackal.
* * * LOW MAGIC WARNING * * *
The jackal bites you.
* * * LOW HITPOINT WARNING * * *
You take 3 damage, and have 1/15 hp.
You now have 0/8 mp.
Spoiler Alert: The jackal is fast!
The jackal barely misses you. The jackal closely misses you.
A hobgoblin comes into view. It is wielding a club.
The jackal barely misses you.
A giant newt comes into view.
The hobgoblin barely misses you.
Spoiler Alert: The jackal is fast!
A rat comes into view.
A giant newt comes into view.
The jackal barely misses you.
A giant newt comes into view.
The hobgoblin hits you but does no damage.
A goblin and a hobgoblin come into view.
Spoiler Alert: The jackal is fast!
You aren't carrying any potions.
Read which item? (? for menu, Esc to quit)
As you read the scroll labeled VIUGITHR BIERR, it crumbles to dust.
It is a scroll of identify.
You don't have any unidentified items.
The jackal closely misses you. The hobgoblin barely misses you.
The jackal bites you but does no damage.
The rat bites you but does no damage.
Spoiler Alert: The jackal is fast!
The magic dart hits the jackal.
* * * LOW MAGIC WARNING * * *
The hobgoblin shouts!
The jackal misses you. The hobgoblin misses you. The jackal bites you.
* * * LOW HITPOINT WARNING * * *
You take 1 damage, and have 1/15 hp.
You now have 0/8 mp.
Spoiler Alert: The jackal is fast!
A goblin comes into view. It is wielding a dagger.
The goblin shouts!
The goblin shouts!
The jackal closely misses you. The goblin barely misses you.
The hobgoblin hits you but does no damage.
The jackal closely misses you.
Spoiler Alert: The jackal is fast!
The magic dart hits the jackal.
You kill the jackal!
* * * LOW MAGIC WARNING * * *
You now have 0/8 mp.
The hobgoblin hits you with a club.
You die...

..............r..........
..........#######...!.....
.b.........# #...........
............# #.l.....#..
............#####.......#
...........##.....g.....#
...........##...gl......#
........#####...ggl.....#
.#......# #....@.......# .
#......# #............# ....
#......# #.......$.#.. .....
#......# #.........# . ......
##......# #.........# ......
.#......# #...(.....# ......
.#......# ###.......# ......
.#.....†######.......######......
.#..........................!.###


You could see 2 hobgoblins, 2 goblins and 3 giant newts.

Vanquished Creatures
  A giant cockroach (D:1)
  4 goblins (D:1)
  A hobgoblin (D:1)
  4 jackals (D:1)
  A kobold (D:1)
11 creatures vanquished.

Notes
Turn   | Place    | Note
--------------------------------------------------------------
     0 | D:1      | Pikaro, the Deep Elf Conjurer, began the quest for the Orb.
     0 | D:1      | Reached XP level 1. HP: 10/10 MP: 5/5
   168 | D:1      | Reached XP level 2. HP: 15/15 MP: 4/8
   173 | D:1      | Reached skill level 5 in Conjurations
   210 | D:1      | HP: 3/15 [jackal (1)]
   222 | D:1      | HP: 1/15 [jackal (3)]
   236 | D:1      | HP: 1/15 [jackal (1)]
   245 | D:1      | Slain by a hobgoblin

Action                   || total
-------------------------++-------
 Cast: Magic Dart        ||    26
  Use: Scroll            ||     1

Vault maps used:
D:1:      mrwooster_arrival_statue_3, st_stairs_14

Table legend:
 A = Turns spent in this place as a percentage of turns spent in the entire game.
 B = Non-inter-level travel turns spent in this place as a percentage of non-inter-level travel turns spent in the entire game.
 C = Inter-level travel turns spent in this place as a percentage of turns spent in this place.
 D = Turns resting spent in this place as a percentage of non-inter-level travel turns spent in this place.
 E = Turns spent auto-exploring this place as a percentage of non-inter-level travel turns spent in this place.
 F = Non-inter-level travel turns spent in this place divided by the number of levels of this place that you've seen.
                   A       B       C       D       E      F
               +-------+-------+-------+-------+-------+----------------------
         Total | 100.0 | 100.0 |   0.0 |   6.7 |   7.6 | 119.0
       Dungeon | 100.0 | 100.0 |   0.0 |   6.7 |   7.6 | 119.0
               +-------+-------+-------+-------+-------+----------------------

Table legend:
 A = Kills in this place as a percentage of kills in entire the game.
 B = Kills by you in this place as a percentage of kills by you in the entire game.
 C = Kills by friends in this place as a percentage of kills by friends in the entire game.
 D = Other kills in this place as a percentage of other kills in the entire game.
 E = Experience gained in this place as a percentage of experience gained in the entire game.
 F = Experience gained in this place divided by the number of levels of this place that you have seen.
                   A       B       C       D       E      F
               +-------+-------+-------+-------+-------+----------------------
         Total | 100.0 | 100.0 |  -nan |  -nan | 100.0 |  21.0
       Dungeon | 100.0 | 100.0 |  -nan |  -nan | 100.0 |  21.0
               +-------+-------+-------+-------+-------+----------------------
